 Dungeon Crawl Stone Soup version 0.21.1-1-g345015f (webtiles) character file.

108 lotte the Magician (level 4, 0/24 HPs)
             Began as a Deep Elf Venom Mage on July 5, 2018.
             Splashed by a jelly's acid (7 damage)
             ... on level 2 of the Dungeon on July 6, 2018.
             The game lasted 00:11:50 (3162 turns).

lotte the Magician (Deep Elf Venom Mage)            Turns: 3162, Time: 00:11:51

Health: 0/24       AC:  3    Str:  5    XL:     4   Next: 58%
Magic:  12/12      EV: 14    Int: 21    God:
Gold:   152        SH:  0    Dex: 15    Spells: 8/11 levels left

rFire    . . .     SeeInvis .   l - +3 mace (crush)
rCold    . . .     Gourm    .   (no shield)
rNeg     . . .     Faith    .   a - +1 robe
rPois    .         Spirit   .   (no helmet)
rElec    .         Reflect  .   (no cloak)
rCorr    .         Harm     .   (no gloves)
MR       .....                  (no boots)
Stlth    ++........             (no amulet)
HPRegen  0.08/turn              d - +1 ring of evasion
MPRegen  0.13/turn              (no ring)

@: no status effects
A: no striking features
a: no special abilities


You were on level 2 of the Dungeon.
You were not hungry.

You visited 1 branch of the dungeon, and saw 3 of its levels.

You collected 152 gold pieces.

Inventory:

Hand Weapons
 l - a +3 mace of crushing (weapon)
Armour
 a - a +1 robe (worn)
 m - a +0 chain mail
Jewellery
 d - a +1 ring of evasion (left hand)
 i - an uncursed ring of flight {unknown}
Scrolls
 f - 2 scrolls of remove curse
 g - 5 scrolls of identify {unknown}
 h - a scroll of fog {unknown}
 j - a scroll of noise {unknown}
 n - a scroll of amnesia {unknown}
Potions
 k - a potion of lignification {unknown}
Books
 b - a Young Poisoner's Handbook

   Spells                             Type                      Level
   a - Sting                          Conjuration/Poison           1
   b - Poisonous Vapours              Poison/Air                   2
   c - Mephitic Cloud                 Conjuration/Poison/Air       3
   d - Olgreb's Toxic Radiance        Poison                       4
   e - Venom Bolt                     Conjuration/Poison           5
Comestibles
 c - 3 rations


   Skills:
 + Level 3.1 Dodging
 - Level 2.4 Stealth
 * Level 4.4 Spellcasting
 * Level 2.5 Conjurations
 + Level 4.2 Poison Magic


You had 8 spell levels left.
You knew the following spells:

 Your Spells              Type           Power        Failure   Level  Hunger
a - Sting                 Conj/Pois      ###.         2%          1    None
b - Poisonous Vapours     Pois/Air       ##....       7%          2    #......


Dungeon Overview and Level Annotations

Branches:
Dungeon (3/15)

Altars:
Sif Muna
Zin


Message History

You climb downwards.
There is a stone staircase leading up here.
The jelly completely misses you.
You climb upwards.
There is a stone staircase leading down here.
The jelly misses you.
There is a stone staircase leading down here.
The jelly closely misses you.
You climb downwards.
There is a stone staircase leading up here.
Okay, then.
As you read the scroll labeled YCZARAE SAZALE, it crumbles to dust.
It is a scroll of enchant armour.
Your +0 robe glows green for a moment.
The jelly closely misses you.
As you read the scroll labeled RUOCO VOGELOTH, it crumbles to dust.
You feel blessed for a moment.
It was a scroll of remove curse.
The jelly hits you.
* * * LOW HITPOINT WARNING * * *
You are splashed with acid!
The acid burns!
You die...

##................## #.#
........######.....# #.# #
######### ##....# #.# #
#..#.# #.######### ########
#.##.####.##....... .......#
#.........##.###### ######.#
#.##.#######.######
#.########.##.# #.[......
#.........J@..# #..######
#############.######..######
#..............#
#.######..####.# #.........#
#.# #########.# #.# #.####.#
#....... ######.#


You could see a jelly.

Vanquished Creatures
  Terence (D:2)
  2 adders
  2 worms (D:2)
  2 dart slugs (D:1)
  2 ball pythons
  2 giant cockroaches
  9 goblins
  8 jackals (D:1)
  2 quokkas (D:2)
  9 bats
  4 frilled lizards
  9 kobolds
  6 rats
58 creatures vanquished.

Notes
Turn   | Place    | Note
-------+----------+-------------------------------------------
     0 | D:1      | lotte the Deep Elf Venom Mage began the quest for the Orb.
     0 | D:1      | Reached XP level 1. HP: 10/10 MP: 6/6
    67 | D:1      | Noticed an elephant
    76 | D:1      | Noticed a black mamba
   201 | D:1      | Reached XP level 2. HP: 15/15 MP: 0/8
  1087 | D:1      | Reached XP level 3. HP: 19/19 MP: 7/10
  1188 | D:1      | Learned a level 2 spell: Poisonous Vapours
  2079 | D:2      | Found a deep blue altar of Sif Muna.
  2246 | D:2      | Found a glowing silver altar of Zin.
  2246 | D:2      | Noticed an angel
  2356 | D:2      | Reached XP level 4. HP: 24/24 MP: 10/12
  2506 | D:2      | Noticed Terence
  2522 | D:2      | Killed Terence
  3106 | D:3      | Found a faded altar of an unknown god.
  3162 | D:2      | Splashed by a jelly's acid

Skill      XL: |  1  2  3 |
---------------+----------+-----
Poison Magic   | 4 |  4.2
Spellcasting   | 4 |  4.4
Dodging        | 3 |  3.1
Conjurations   | 2 |  2.5
Stealth        | |  2.4

Action                   |  1- 3 |  4- 6 || total
-------------------------+-------+-------++-------
 Cast: Sting             |    65 |     1 ||    66
       Poisonous Vapours |    26 |    14 ||    40
  Use: Scroll            |       |     2 ||     2
  Eat: Chunk             |     4 |     3 ||     7
Armor: Robe              |     6 |       ||     6
Dodge: Dodged            |    19 |    12 ||    31
